 Dungeon Crawl Stone Soup version 0.32-a0-938-g40ac7a0f4d (webtiles) character file.

Game seed: 1875659761237324679

70262 smashvw the Warrior (level 14, -8/126 HPs)
             Began as a Pale Draconian Hunter on Apr 16, 2024.
             Was the Champion of Hepliaklqana.
             Mangled by Agnes
             ... wielding a +6 lajatang of electrocution
              (15 damage)
             ... on level 15 of the Dungeon.
             The game lasted 01:08:41 (21914 turns).

smashvw the Warrior (Pale Draconian Hunter)        Turns: 21914, Time: 01:08:42

Health: -8/126     AC: 14    Str: 14    XL:     14   Next: 93%
Magic:  0/20       EV: 21    Int: 12    God:    Hepliaklqana [******]
Gold:   1333       SH:  0    Dex: 30    Spells: 8/13 levels left

rFire   . . .        Y - +2 orcbow (heavy)
rCold   + . .        (shield currently unavailable)
rNeg    + . .        (body armour unavailable)
rPois   .            J - +0 hat {SInv}
rElec   .            P - +0 cloak
rCorr   .            Q - +1 pair of gloves
SInv    +            M - +2 pair of boots
Will    +....        O - amulet of guardian spirit
Stlth   +++          R - +6 ring of dexterity
HPRegen 0.41/turn    D - ring of Freedom {rC+ rN+ Int+3 Dex+2}
MPRegen 0.17/turn

%: guardian spirit
@: about to teleport, on blink cooldown
A: reduced essence, steam breath, AC +8, unfitting armour, cold-blooded, steam
resistance, stinger 1, agile 1, mutation resistance 1
a: Steam Breath, Renounce Religion, Recall Ancestor, Ancestor Identity,
Transference, Idealise


You were on level 15 of the Dungeon.
You worshipped Hepliaklqana.
Hepliaklqana was exalted by your worship.
You visited 4 branches of the dungeon, and saw 22 of its levels.
You also visited: Ice Cave.

You collected 1974 gold pieces.
You spent 641 gold pieces at shops.

Inventory:

Hand Weapons
 u - a +2 sling of draining
 Y - a +2 heavy orcbow (weapon)
Missiles
 N - 6 datura-tipped darts
 S - a curare-tipped dart
 T - 27 poisoned darts
 U - 6 atropa-tipped darts
Armour
 J - a +0 hat of see invisible (worn)
 M - a +2 pair of boots (worn)
 P - a +0 cloak (worn)
 Q - a +1 pair of gloves (worn)
Jewellery
 D - the ring of Freedom (right hand) {rC+ rN+ Int+3 Dex+2}
   (You found it in an ice cave)

   [ring of protection from cold]

   Int+3:     It affects your intelligence (+3).
   Dex+2:     It affects your dexterity (+2).
   rC+:       It protects you from cold.
   rN+:       It protects you from negative energy.
 O - an amulet of guardian spirit (around neck)
 R - a +6 ring of dexterity (left hand)
 W - a ring of resist corrosion
Wands
 B - a wand of polymorph (7)
 F - a wand of mindburst (45)
 H - a wand of digging (9)
 I - a wand of charming (22)
 K - a wand of flame (24)
 V - a wand of roots (19)
 Z - a wand of light (7)
Scrolls
 a - a scroll of brand weapon
 b - a scroll of butterflies
 i - 6 scrolls of poison
 j - 2 scrolls of fog
 k - 3 scrolls of blinking
 l - 3 scrolls of noise
 o - 2 scrolls of enchant weapon
 p - a scroll of silence
 r - 2 scrolls of enchant armour
 t - a scroll of torment
 v - 4 scrolls of amnesia
 x - 2 scrolls of fear
 y - 3 scrolls of revelation {unknown}
 z - 4 scrolls of teleportation
 E - 3 scrolls of immolation
 L - a scroll of vulnerability {unknown}
Potions
 c - a potion of might {unknown}
 d - 5 potions of haste
 e - a potion of degeneration
 f - 2 potions of lignification {unknown}
 g - 8 potions of curing
 m - 5 potions of heal wounds
 n - 4 potions of brilliance
 q - a potion of ambrosia {unknown}
 s - 2 potions of attraction {unknown}
 w - 4 potions of enlightenment
 A - a potion of invisibility {unknown}
 C - 2 potions of magic {unknown}
 G - a potion of cancellation {unknown}
Miscellaneous
 h - a lightning rod (4/4)
 X - a tin of tremorstones (2/2)


   Skills:
 - Level 17.0 Fighting
 - Level 16.0 Ranged Weapons
 - Level 2.0 Throwing
 + Level 9.2 Dodging
 - Level 2.0 Stealth
 - Level 3.0 Translocations
 - Level 4.0 Air Magic
 - Level 8.0 Invocations
 - Level 4.0 Evocations


You had 8 spell levels left.
You knew the following spells:

 Your Spells              Type           Power      Damage    Failure   Level
a - Swiftness             Air            9%         N/A       19%         3
b - Blink                 Tloc           14%        N/A       14%         2

Your spell library contained the following spells:

 Spells                   Type           Power      Damage    Failure   Level
 Lesser Beckoning         Tloc           14%        N/A       14%         2
 Momentum Strike          Conj/Tloc      6%         3d8       26%         2
 Ensorcelled Hibernation  Hex/Ice        0%         N/A       45%         2
 Mephitic Cloud           Conj/Alch/Air  3%         N/A       52%         3
 Dazzling Flash           Conj/Hex       0%         N/A       69%         3
 Passwall                 Erth           0%         N/A       69%         3
 Cause Fear               Hex            0%         N/A       97%         4
 Silence                  Hex/Air        2%         N/A       99%         5
 Curse of Agony           Necr           0%         N/A       100%        5
 Fireball                 Conj/Fire      0%         3d3       100%        5
 Sculpt Simulacrum        Ice/Alch       0%         N/A       100%        6
 Ozocubu's Refrigeration  Ice            0%         4d7       100%        7
 Dragon's Call            Summ           0%         N/A       100%        9
 Polar Vortex             Ice            0%         N/A       100%        9


Dungeon Overview and Level Annotations

Branches:
Dungeon (15/15)            Temple (1/1) D:6            Lair (4/5) D:9
  Swamp (0/4) Lair:3        Snake (0/4) Lair:3          Orc (2/2) D:9
    Elf (0/3) Orc:2        Vaults (0/5) D:13         Depths (0/4) D:15
  IceCv (visited)
  Slime: Lair:4-5

Altars:
Ashenzari
Cheibriados
Dithmenos
Elyvilon
Fedhas
Gozag
Hepliaklqana
Kikubaaqudgha
Makhleb
Nemelex Xobeh
Okawaru
Qazlal
Ru
Sif Muna
Trog
Uskayaw
Vehumet
Wu Jian
Xom
Yredelemnul
Zin
The Shining One
Beogh

Shops:
D:8 ?   Orc:1 (   Orc:2 *:([

Annotations:
D:2 1 runed translucent door, Crazy Yiuf
D:8 1 runed translucent door, exclusions: Gastronok and 1 more exclusion, bjtr's ghost, novice GrFE
D:15 Agnes
Orc:1 1 runed translucent door, avangion's ghost, journeyman GrEE


Innate Abilities, Weirdness & Mutations

Your life essence is reduced to manifest your ancestor. (-10% HP)
You can breathe blasts of scalding, opaque steam.
Your pale cyan-grey scales are hard. (AC +8)
You cannot fit into any form of body armour.
You are cold-blooded and may be slowed by cold attacks.
You are immune to the effects of steam.
Your tail ends in a venomous barb.
You are agile. (Dex +4, Str/Int -1)
You are somewhat resistant to further mutation.


Message History

Agnes is moderately wounded.
Agnes hits Bob with a +6 lajatang of electrocution!!
Bob is destroyed!
Agnes bows.
You shoot an arrow. The arrow closely misses Agnes.
Agnes barely misses you. x2
You shoot an arrow. The arrow closely misses Agnes.
Agnes barely misses you. Agnes misses you.
You shoot an arrow. The arrow completely misses Agnes.
Agnes hits you with a +6 lajatang of electrocution!!
Agnes misses you.
You shoot an arrow. The arrow barely misses Agnes.
Agnes barely misses you. Agnes completely misses you.
You shoot an arrow. The arrow hits Agnes!
Agnes is heavily wounded.
Agnes hits you with a +6 lajatang of electrocution!!
You are electrocuted!
You are too injured to fight recklessly!
Okay, then.
Press: ? - help, v - describe, . - travel
Here: Agnes, wielding a +6 lajatang of electrocution and wearing a +0 robe (heavily wounded)
The floor, spattered with blood.
Okay, then.
Okay, then.
Cast which spell? (? or * to list)
You blink.
Okay, then.
As you read the scroll of teleportation, it crumbles to dust.
You feel strangely unstable. Agnes closely misses you.
Unknown command.
Agnes attacks as she pursues you!
Agnes hits you with a +6 lajatang of electrocution!!
* * * LOW HITPOINT WARNING * * *
Agnes misses you.
You feel much better.
Agnes hits you with a +6 lajatang of electrocution!!
* * * LOW HITPOINT WARNING * * *
Agnes hits you with a +6 lajatang of electrocution!
You die...
Agnes says, "May you follow the Path of Peace in your next life."
Hepliaklqana delivers you to your ancestors.

######## #......#ß
#........
##########.........
#..............#..≈
#.@i...........#..≈
#................§#
#.................§
##########.......§≈
#.....#...
#.....#...
#..=....ß.
#.......(.
#.........


You could see Agnes.

Vanquished Creatures
  Gastronok (D:8)
  2 azure jellies (IceCv)
  A fire giant (D:15)
  An orc warlord (Orc:2)
  A quicksilver ooze (IceCv)
  An eleionoma (Lair:3)
  3 hydras
  A catoblepas (Lair:4)
  3 centaur warriors
  3 two-headed ogres
  2 boulder beetles
  3 skeletal warriors (D:12)
  A skyshark (Lair:3)
  Lodul (D:12)
  An arcanist (D:14)
  4 orc knights (Orc:2)
  2 orc sorcerers (Orc:2)
  5 cyclopes
  2 manticores
  A deep elf pyromancer (D:9)
  A black mamba (Lair:1)
  8 elephants
  2 ice statues (IceCv)
  Maggie (D:8)
  11 cane toads
  3 kobold demonologists
  2 unseen horror zombies (D:9)
  2 rime drakes (Lair:4)
  2 tengu conjurers
  3 komodo dragons
  A troll (Orc:1)
  Grinder (D:6)
  9 blink frogs
  Prince Ribbit (D:6)
  3 dream sheep (Lair:3)
  24 slime creatures
  Sigmund (D:2)
  42 yaks
  A culicivora (shapeshifter) (D:13)
  3 basilisks
  6 wyverns
  A steam dragon (D:8)
  A steam dragon (shapeshifter) (D:13)
  2 nagas (Lair:3)
  6 vampire mosquitoes
  Edmund (D:6)
  An acid dragon (D:11)
  Duvessa (D:6)
  4 great orb of eyes simulacra (IceCv)
  11 water moccasins
  24 orc warriors
  2 sky beasts
  3 black bears
  3 ice beasts
  10 ogres
  10 wolves
  11 centaurs
  A slime creature simulacrum (IceCv)
  3 kobold brigands (D:10)
  Blork the orc (D:6)
  5 bullfrogs
  4 glowing shapeshifter simulacra (IceCv)
  A gnoll sergeant (D:6)
  3 scorpions
  8 wights
  Dowan (D:6)
  11 killer bees
  6 howler monkeys
  An electric eel (Lair:4)
  A bombardier beetle (D:5)
  13 orc priests
  7 hounds
  3 jellies
  6 iguanas
  A sleepcap (D:5)
  5 orc wizards
  2 hell rats (Lair:2)
  2 shapeshifter simulacra (IceCv)
  8 adders
  7 river rats (Lair:2)
  11 white imps
  6 ufetubi
  A dart slug (D:1)
  34 orcs
  6 ball pythons
  9 bats
  5 endoplasms
  2 giant cockroaches (D:1)
  2 goblins
  6 hobgoblins
  14 jackals
  3 quokkas
  5 frilled lizards
  8 kobolds
  6 rats
475 creatures vanquished.

Vanquished Creatures (collateral kills)
  A two-headed ogre (shapeshifter) (D:13)
  An orc high priest (Orc:2)
  2 tengu warriors
  A cyclops (D:14)
  A manticore (D:10)
  4 elephants
  2 cane toads
  An unseen horror (D:10)
  2 unseen horror zombies (D:9)
  A komodo dragon (Lair:2)
  A troll (D:13)
  4 blink frogs
  A dream sheep (Lair:3)
  3 slime creatures (IceCv)
  7 yaks
  A wyvern (D:8)
  2 vampire mosquitoes
  A steam dragon (D:8)
  A naga (Lair:3)
  A water moccasin (D:8)
  3 black bears
  3 orc warriors
  3 ogres (D:12)
  2 centaurs (D:14)
  2 wolves
  A slime creature simulacrum (IceCv)
  2 bullfrogs
  2 wights
  4 killer bees (D:10)
  3 howler monkeys
  2 centaur zombies (D:9)
  An orc priest (D:9)
  An orc wizard (Orc:1)
  3 river rats (Lair:2)
  3 white imps (Orc:1)
  8 orcs
  A kobold (D:10)
82 creatures vanquished.

Vanquished Creatures (others)
  12 knights
  10 ancestors
22 creatures vanquished.

Grand Total: 579 creatures vanquished

Notes
Turn   | Place    | Note
-------+----------+-------------------------------------------
     0 | D:1      | smashvw the Draconian Hunter began the quest for the Orb.
     0 | D:1      | Reached XP level 1. HP: 17/17 MP: 1/1
    16 | D:1      | Reached skill level 1 in Stealth
    75 | D:1      | Reached XP level 2. HP: 24/24 MP: 2/2
   255 | D:1      | Found a faded altar of an unknown god.
   426 | D:1      | Reached XP level 3. HP: 30/30 MP: 3/3
   589 | D:2      | Noticed Sigmund
   597 | D:2      | Killed Sigmund
   598 | D:2      | Reached skill level 3 in Fighting
   598 | D:2      | Reached skill level 5 in Ranged Weapons
   598 | D:2      | Reached XP level 4. HP: 28/38 MP: 4/4
   598 | D:2      | Reached XP level 5. HP: 33/45 MP: 5/5
  1287 | D:2      | Found a runed translucent door.
  1288 | D:2      | Noticed Crazy Yiuf
  1784 | D:3      | Found a shimmering blue altar of Sif Muna.
  1973 | D:4      | Reached XP level 6. HP: 38/52 MP: 6/6
  2356 | D:4      | Reached skill level 4 in Fighting
  2507 | D:5      | Entered Level 5 of the Dungeon
  2540 | D:5      | Noticed a water moccasin
  2546 | D:5      | Killed a water moccasin
  2846 | D:5      | Reached skill level 5 in Fighting
  2846 | D:5      | Your scales start taking on a pale cyan-grey colour.
  2846 | D:5      | Reached XP level 7. HP: 61/61 MP: 7/7
  2846 | D:5      | Gained mutation: You are immune to the effects of steam.
                  | [Pale Draconian growth]
  2974 | D:5      | Found a snail-covered altar of Cheibriados.
  3440 | D:6      | Noticed Prince Ribbit
  3515 | D:6      | Noticed Dowan
  3516 | D:6      | Noticed Duvessa
  3527 | D:6      | Killed Duvessa
  3530 | D:6      | Killed Dowan
  3531 | D:6      | Reached XP level 8. HP: 25/68 MP: 8/8
  3602 | D:6      | Killed Prince Ribbit
  3603 | D:6      | Reached skill level 6 in Fighting
  3820 | D:6      | Found a blossoming altar of Fedhas.
  3854 | D:6      | Noticed Edmund
  3867 | D:6      | Killed Edmund
  4023 | D:6      | Noticed Grinder
  4034 | D:6      | Killed Grinder
  4035 | D:6      | Reached skill level 5 in Dodging
  4050 | D:6      | Reached XP level 9. HP: 63/75 MP: 9/9
  4125 | D:6      | Noticed Blork the orc
  4136 | D:6      | Killed Blork the orc
  4421 | D:6      | Found a staircase to the Ecumenical Temple.
  4429 | Temple   | Entered the Ecumenical Temple
  4445 | Temple   | Became a worshipper of Hepliaklqana the Forgotten
  4674 | D:7      | Found a white marble altar of Elyvilon.
  4755 | D:7      | Reached skill level 10 in Ranged Weapons
  5431 | D:7      | Found a stormy altar of Qazlal.
  5622 | D:7      | Reached * piety under Hepliaklqana
  5637 | D:8      | Noticed Maggie
  5656 | D:8      | Killed Maggie
  5775 | D:8      | Reached skill level 7 in Fighting
  5848 | D:8      | Found a bloodstained altar of Trog.
  5913 | D:8      | Found a runed translucent door.
  5917 | D:8      | Noticed bjtr's ghost (novice GrFE)
  5925 | D:8      | Noticed Gastronok
  5973 | D:8      | Reached XP level 10. HP: 65/79 MP: 10/10
  6046 | D:8      | Reached skill level 8 in Fighting
  6103 | D:8      | Found Vadit's Magic Scroll Emporium.
  6942 | D:9      | Reached skill level 9 in Fighting
  7268 | D:9      | Noticed a deep elf pyromancer
  7464 | D:8      | Killed Gastronok
  7465 | D:8      | Reached skill level 10 in Fighting
  7574 | D:8      | Bought a scroll of brand weapon for 123 gold pieces
  7574 | D:8      | Bought a scroll of teleportation for 39 gold pieces
  7728 | D:8      | Reached XP level 11. HP: 70/90 MP: 11/11
  8170 | D:9      | Reached skill level 11 in Fighting
  8277 | D:9      | Found a roughly hewn altar of Beogh.
  8301 | D:9      | Found a staircase to the Lair.
  8305 | D:9      | Noticed a five-headed hydra
  8489 | D:9      | Killed a five-headed hydra
  8507 | D:9      | Found a staircase to the Orcish Mines.
  8569 | D:9      | Noticed a boulder beetle
  8653 | D:9      | Killed a boulder beetle
  8815 | D:9      | Reached ** piety under Hepliaklqana
  8816 | D:9      | Remembered your ancestor Bob as a knight
  8834 | D:9      | Found a blossoming altar of Fedhas.
  9041 | D:9      | Killed a deep elf pyromancer
  9101 | D:10     | Entered Level 10 of the Dungeon
  9120 | D:10     | Noticed a two-headed ogre
  9132 | D:10     | Killed a two-headed ogre
  9443 | D:10     | Found a glowing silver altar of Zin.
  9701 | D:10     | Reached skill level 1 in Throwing
  9923 | D:10     | Reached *** piety under Hepliaklqana
 10488 | D:10     | Found a sparkling altar of Nemelex Xobeh.
 11021 | Lair:1   | Entered Level 1 of the Lair of Beasts
 11307 | D:9      | Reached XP level 12. HP: 99/99 MP: 12/12
 11746 | Lair:1   | Reached skill level 12 in Fighting
 12085 | Lair:1   | Reached **** piety under Hepliaklqana
 12535 | Lair:2   | Reached skill level 13 in Fighting
 12820 | Lair:2   | Reached skill level 15 in Ranged Weapons
 13425 | Lair:3   | Reached ***** piety under Hepliaklqana
 13431 | Lair:3   | Found a staircase to the Swamp.
 13431 | Lair:3   | Noticed an eleionoma
 13456 | Lair:3   | Killed an eleionoma
 13699 | Lair:3   | Reached XP level 13. HP: 110/110 MP: 13/13
 13911 | Lair:3   | Found a staircase to the Snake Pit.
 13992 | Lair:3   | Reached skill level 14 in Fighting
 14735 | Lair:4   | Reached skill level 1 in Invocations
 15116 | Lair:4   | Found a basalt altar of Yredelemnul.
 15158 | Lair:4   | Reached skill level 5 in Invocations
 15984 | Orc:1    | Entered Level 1 of the Orcish Mines
 16177 | Orc:1    | Found a runed translucent door.
 16178 | Orc:1    | Noticed avangion's ghost (journeyman GrEE)
 16381 | Orc:1    | Found a frozen archway.
 16390 | IceCv    | Entered an ice cave
 16442 | IceCv    | Noticed a quicksilver ooze
 16445 | IceCv    | Killed a quicksilver ooze
 16936 | IceCv    | Gained mutation: Your body sometimes deteriorates upon
                  | taking damage. [potion of mutation]
 16936 | IceCv    | Gained mutation: You passively dampen the noise of your
                  | surroundings. [potion of mutation]
 16936 | IceCv    | Gained mutation: You are agile. (Dex +4, Str/Int -1)
                  | [potion of mutation]
 16936 | IceCv    | Gained mutation: You have large cloven feet. [potion of
                  | mutation]
 16937 | IceCv    | Lost mutation: You have large cloven feet. [potion of
                  | mutation]
 16937 | IceCv    | Lost mutation: You passively dampen the noise of your
                  | surroundings. [potion of mutation]
 16937 | IceCv    | Lost mutation: You are agile. (Dex +4, Str/Int -1) [potion
                  | of mutation]
 16937 | IceCv    | Gained mutation: You are agile. (Dex +4, Str/Int -1)
                  | [potion of mutation]
 16937 | IceCv    | Gained mutation: Your body often deteriorates upon taking
                  | damage. [potion of mutation]
 16937 | IceCv    | Gained mutation: You are frail. (-10% HP) [potion of
                  | mutation]
 16937 | IceCv    | Gained mutation: Your tail ends in a venomous barb. [potion
                  | of mutation]
 16938 | IceCv    | Lost mutation: Your body often deteriorates upon taking
                  | damage. [potion of mutation]
 16938 | IceCv    | Lost mutation: Your body sometimes deteriorates upon taking
                  | damage. [potion of mutation]
 16938 | IceCv    | Lost mutation: You are frail. (-10% HP) [potion of
                  | mutation]
 16938 | IceCv    | Gained mutation: You are somewhat resistant to further
                  | mutation. [potion of mutation]
 17076 | IceCv    | Identified the ring of Freedom {rC+ rN+ Int+3 Dex+2}
 17247 | IceCv    | Reached skill level 1 in Air Magic
 17409 | IceCv    | Found a viscous altar of Jiyva.
 17409 | IceCv    | Noticed an azure jelly
 17412 | IceCv    | Noticed an azure jelly
 17417 | IceCv    | Killed an azure jelly
 17418 | IceCv    | Reached XP level 14. HP: 113/119 MP: 18/20
 17419 | IceCv    | Killed an azure jelly
 17420 | IceCv    | Reached skill level 15 in Fighting
 17744 | Orc:2    | Entered Level 2 of the Orcish Mines
 17762 | Orc:2    | Found Kotsisutz's Antique Weapon Shoppe.
 17851 | Orc:2    | Noticed an orc warlord
 17913 | Orc:2    | Reached ****** piety under Hepliaklqana
 17919 | Orc:2    | Found Ycves's Book Shop.
 18023 | Orc:2    | Found Toxux's General Store.
 18073 | Orc:1    | Found Hatuimm's Weapon Boutique.
 18310 | Orc:2    | Found Junnitosm's Antique Armour Emporium.
 18381 | Orc:2    | Found a staircase to the Elven Halls.
 18621 | D:11     | Identified the +5 mace of Ekhlinwi {drain, rF+++ rCorr
                  | Stlth+}
 18626 | D:11     | Found an iron altar of Okawaru.
 18971 | D:11     | Reached skill level 16 in Fighting
 18975 | D:11     | Learned a level 3 spell: Swiftness
 19139 | Orc:2    | Bought a book of Spatial Translocations for 252 gold pieces
 19326 | D:12     | Reached skill level 1 in Translocations
 19539 | D:12     | Noticed Lodul
 19545 | D:12     | Killed Lodul
 19910 | D:13     | Found a gate to the Vaults.
 19946 | D:13     | Learned a level 2 spell: Blink
 20416 | D:14     | Identified the +1 mace of Gocurph {elec, *Slow Int-5 Dex+7}
 21086 | Orc:2    | Bought a glowing orcbow for 227 gold pieces
 21100 | Orc:2    | Killed an orc warlord
 21675 | D:15     | Entered Level 15 of the Dungeon
 21769 | D:15     | Found a staircase to the Depths.
 21770 | D:15     | Noticed a fire giant
 21773 | D:15     | Killed a fire giant
 21774 | D:15     | Reached skill level 17 in Fighting
 21890 | D:15     | Noticed Agnes
 21914 | D:15     | Mangled by Agnes

Illustrated notes

Levels and vault maps discovered:
D:1:      psy_arrival_dodecagon, layout_loops_ring,
          dreamdust_ecumenical_altar_hidden_monk_grotto, minmay_misc_feat_roman,
          minmay_cut_off
D:2:      layout_basic, uniq_crazy_yiuf_cottage, uniq_sigmund
D:3:      layout_rooms, nicolae_sif_muna_little_library, supply_closet_lemuel
D:4:      layout_basic
D:5:      layout_basic, chei_slow_surprise, serial_curves, eino_curves_03,
          eino_curves_02, eino_curves_01, kennysheep_small_circle
D:6:      layout_cave_pools, minmay_temple_entry_statues_pillars,
          kennysheep_diamond, chequers_garden, uniq_blork_the_orc, uniq_grinder,
          uniq_prince_ribbit1, uniq_duvessa, uniq_edmund
D:7:      layout_basic, nicolae_qazlal_general_emergency,
          nicolae_elyvilon_peaceful_grove
D:8:      layout_rooms, mainiacjoe_overflow_brackets, serial_shops, shop,
          gammafunk_ghost_grave, uniq_maggie, uniq_gastronok
D:9:      minmay_curly_fans, layout_small_grid, fedhas_altar_4,
          due_lair_maze_entry_diamond, david_orc_5, serial_undead,
          serial_undead_a, serial_undead_d, serial_undead_d, serial_undead_d,
          serial_undead_e
D:10:     layout_layer_cave, mainiacjoe_overflow_paths, general_overflow_altar,
          nicolae_tricolors
D:11:     layout_basic, okawaru_gym_becter
D:12:     layout_rooms, uniq_lodul
D:13:     layout_roguey, david_vaults_2
D:14:     layout_roguey, minmay_misc_feat_four_crosses
D:15:     grunt_enter_depths_giant_problem, layout_gridville,
          minmay_misc_feat_pillars, uniq_nessos, uniq_agnes
Temple:   eino_temple_water
Lair:1:   layout_regular_city, beast_lair_carwin_11
Lair:2:   layout_gridlike, kennysheep_rathole
Lair:3:   layout_cave_shapes, alex1729_swamp_entry_worm_eleionoma,
          nicolae_snake_entry_squirm, nicolae_lair_lil_pond
Lair:4:   wander_river, layout_hall_layers, basic_altar, hibernation_bobbens,
          grunt_megastairs_4, serial_bayou_shore_a, lemuel_fruit_fields
Orc:1:    layout_diamond_mine, ebering_ghost_inner_flame, serial_shops, shop,
          portal_ice_cave_entry_imps
Orc:2:    grunt_orc_gardens, layout_diamond_mine, grunt_orc_garden,
          grunt_orc_garden, grunt_orc_garden, grunt_orc_garden

Skill      XL: |  1  2  3  4  5  6  7  8  9 10 11 12 13 14 |
---------------+-------------------------------------------+-----
Stealth        | 2 |  2.0
Dodging        | 2 3 5 6 7 9 |  9.2
Fighting       | 3 5 6 7 10 11 13 14 17 | 17.0
Ranged Weapons | 5 6 7 9 11 12 14 15 16 | 16.0
Evocations     | 2 3 4 |  4.0
Throwing       | 2 |  2.0
Invocations    | 8 |  8.0
Air Magic      | 2 4 |  4.0
Translocations | 3 |  3.0

Action                     |  1- 3 |  4- 6 |  7- 9 | 10-12 | 13-15 || total
---------------------------+-------+-------+-------+-------+-------++-------
  Melee: Unarmed           |       |       |     4 |       |       ||     4
   Fire: Shortbow          |    84 |   127 |       |       |       ||   211
         Sling             |       |    42 |   348 |   886 |   149 ||  1425
         Orcbow            |       |       |       |       |   618 ||   618
   Cast: Blink             |       |       |       |       |     1 ||     1
 Invoke: Recall Ancestor   |       |       |       |     6 |     4 ||    10
         Ancestor Life: Kn |       |       |       |     1 |       ||     1
         Idealise          |       |       |       |       |     1 ||     1
         Ancestor Identity |       |       |       |       |     1 ||     1
Ability: Steam Breath      |       |       |     6 |     1 |     2 ||     9
    Use: Scroll            |       |       |     1 |    12 |    10 ||    23
         Potion            |       |       |       |     3 |     7 ||    10
 Armour: Skin              |    15 |    56 |   105 |   331 |   193 ||   700
  Dodge: Dodged            |    31 |    54 |   118 |   390 |   226 ||   819

Table legend: (Time is in decaauts)
 A = Elapsed time spent in this place.
 B = Non-inter-level travel time spent in this place.
 C = Inter-level travel time spent in this place.
 D = Time resting spent in this place.
 E = Time spent auto-exploring this place.
 F = Levels seen in this place.
 G = Mean time per level.
                   A        B        C        D        E       F      G
               +--------+--------+--------+--------+--------+-----+--------+
         Total |  21754 |  20024 |   1730 |   2386 |  14310 |  23 |  945.8 |
       Dungeon |  14405 |  13164 |   1241 |   1850 |   9209 |  15 |  960.3 |
        Temple |     32 |      2 |     30 |      0 |      0 |   1 |   32.0 |
          Lair |   4428 |   4271 |    157 |     69 |   3518 |   4 | 1107.0 |
  Orcish Mines |   1709 |   1408 |    301 |     15 |   1115 |   2 |  854.5 |
      Ice Cave |   1178 |   1178 |      0 |    451 |    467 |   1 | 1178.0 |
               +--------+--------+--------+--------+--------+-----+--------+

Top non-repeatable levels by time:
     D:8: 2526 daAuts
    D:10: 1680 daAuts
     D:9: 1459 daAuts
  Lair:3: 1441 daAuts
  Lair:4: 1241 daAuts
   IceCv: 1178 daAuts
     D:7: 1126 daAuts
     D:5: 1101 daAuts
     D:6: 1083 daAuts
    D:14: 922 daAuts
  Lair:1: 915 daAuts
     D:2: 887 daAuts
   Orc:1: 867 daAuts
   Orc:2: 841 daAuts
  Lair:2: 830 daAuts
